 Dungeon Crawl Stone Soup version 0.31-a0-441-g867994ef1c (webtiles) character file.

Game seed: 3360350453172504666

22004 bobarctor the Bludgeoner (level 13, -5/162 HPs)
             Began as a Meteoran Fighter on Aug 2, 2023.
             Was a High Priest of Dithmenos.
             Slain by a wolf spider (7 damage)
             ... in a Gauntlet on Aug 3, 2023.
             The game lasted 01:05:55 (7725 turns).

bobarctor the Bludgeoner (Meteoran Fighter)         Turns: 7725, Time: 01:05:56

Health: -5/162     AC:  4    Str: 24    XL:     13   Next: 56%
Magic:  30/30      EV: 15    Int:  9    God:    Dithmenos [*****.]
Gold:   709        SH: 13    Dex: 26    Spells: 12/12 levels left

rFire   + . .        j - +6 club (drain)
rCold   + + .        c - +0 buckler
rNeg    . . .        o - +6 scale mail of Compression {rElec rC+ MP+9 Dex+4}
rPois   +            k - +1 helmet
rElec   +            (no cloak)
rCorr   +            (no gloves)
SInv    .            E - +1 pair of boots
Will    +....        b - amulet of reflection Stlth
                     M - +6 ring of strength
HPRegen 0.47/turn    J - +4 ring of protection
MPRegen 0.22/turn

%: no teleportation, random rage (3%), reflection
@: mighty, berserking (expiring), resistant, corroded, glowing, very quick
A: sense surroundings 2, otherworldly, glowing, explore regen, agile 1, berserk
1
a: Renounce Religion, Shadow Step, Shadow Form


You were in a Gauntlet.
You worshipped Dithmenos.
Dithmenos was extremely pleased with you.
You visited 3 branches of the dungeon, and saw 16 of its levels.
You also visited: Gauntlet.

You collected 709 gold pieces.

Inventory:

Hand Weapons
 h - a +2 battleaxe of flaming
 j - a +6 club of draining (weapon)
 l - a +4 short sword of protection
 x - a +2 flail of protection
 z - a +4 whip
 D - a +7 spear
 O - a +4 whip of draining
 P - a +0 shortbow of draining
 T - the +5 trident "Oshaikk" {heavy, Dex+3}
   (You found it on level 2 of the Lair of Beasts)

   Dex:       It affects your dexterity (+3).
Missiles
 f - 86 stones
 q - 5 boomerangs
 u - 7 curare-tipped darts
 w - 4 throwing nets
 y - 5 javelins (quivered)
 B - 16 poisoned darts
 C - 6 atropa-tipped darts
Armour
 c - a +0 buckler (worn)
 k - a +1 helmet (worn)
 o - the +6 scale mail of Compression (worn) {rElec rC+ MP+9 Dex+4}
   (You found it on level 3 of the Dungeon)

   Dex:       It affects your dexterity (+4).
   rC:        It protects you from cold.
   rElec:     It insulates you from electricity.
   MP:        It affects your magic capacity (+9).
 E - a +1 pair of boots (worn)
 K - a +1 chain mail of poison resistance
 U - a +0 helmet of intelligence
Jewellery
 b - an amulet of reflection (around neck)
 A - a ring of positive energy
 I - a ring of protection from cold
 J - a +4 ring of protection (right hand)
 L - a ring of flight
 M - a +6 ring of strength (left hand)
 Q - an amulet of faith
Wands
 p - a wand of paralysis (8)
 r - a wand of quicksilver (4)
 F - a wand of flame (26)
Scrolls
 a - 3 scrolls of enchant weapon
 n - 4 scrolls of identify
 G - 3 scrolls of teleportation
 N - 7 scrolls of enchant armour
 R - a scroll of blinking
Potions
 d - 3 potions of might
 e - 2 potions of heal wounds
 g - a potion of brilliance
 i - 2 potions of curing
 m - a potion of invisibility
 s - 5 potions of attraction
 t - 4 potions of haste
 v - a potion of cancellation


   Skills:
 + Level 8.6 Fighting
 * Level 16.3 Maces & Flails
 * Level 11.1 Armour
 + Level 6.7 Dodging
 + Level 0.9 Stealth
 + Level 10.7 Shields
 * Level 10.3 Invocations


You had 12 spell levels left.
You didn't know any spells.
Your spell library contained the following spells:

 Spells                   Type           Power      Damage    Failure   Level
 Kiss of Death            Conj/Necr      0%         2d5       67%         1
 Summon Small Mammal      Summ           0%         N/A       67%         1
 Wereblood                Tmut           0%         N/A       80%         2
 Call Canine Familiar     Summ           0%         N/A       95%         3
 Confusing Touch          Hex            0%         N/A       95%         3
 Ignite Poison            Fire/Tmut/Pois 0%         N/A       95%         3
 Stone Arrow              Conj/Erth      0%         3d7       95%         3
 Summon Guardian Golem    Hex/Summ       0%         N/A       95%         3
 Anguish                  Hex/Necr       0%         N/A       100%        4
 Animate Armour           Summ/Erth      0%         N/A       100%        4
 Cause Fear               Hex            0%         N/A       100%        4
 Dispel Undead            Necr           0%         3d6       100%        4
 Sticky Flame             Conj/Fire      0%         2d3       100%        4
 Alistair's Intoxication  Tmut/Pois      0%         N/A       100%        5
 Irradiate                Conj/Tmut      0%         3d11      100%        5
 Plasma Beam              Fire/Air       0%         2x1d10    100%        6
 Starburst                Conj/Fire      0%         6d3       100%        6
 Enfeeble                 Hex            0%         N/A       100%        7
 Ignition                 Fire           0%         3d3       100%        8
 Lehudib's Crystal Spear  Conj/Erth      0%         10d2      100%        8


Dungeon Overview and Level Annotations

Branches:
Dungeon (11/15) Zot: 887   Temple (1/1) D:6 Zot: 584    Lair (4/5) D:9 Zot: 600
 Shoals (0/4) Lair:3          Orc (0/2) D:9         Gauntlet (1/1) Zot: 554
  Snake: Lair:2-3    Spider: Lair:2-3     Slime: Lair:4-5

Altars:
Ashenzari
Cheibriados
Dithmenos
Elyvilon
Fedhas
Gozag
Hepliaklqana
Kikubaaqudgha
Makhleb
Nemelex Xobeh
Okawaru
Qazlal
Ru
Sif Muna
Uskayaw
Vehumet
Wu Jian
Xom
Yredelemnul
Zin
The Shining One

Shops:
D:4 :

Annotations:
D:6 3 runed translucent doors, bahustanut's ghost, novice OgFi
D:9 exclusion: obsidian statue
Lair:4 2 runed translucent doors Gauntlet 2 transporters


Innate Abilities, Weirdness & Mutations

You passively map the area around you.
You are easily found by Zot.
You glow in the dark.
You regain HP and MP as you explore.
You are agile. (Dex +4, Str/Int -1)
You sometimes lose your temper in combat.


Message History

The redback misses you.
You hit the redback. You drain the redback.
The redback is severely wounded.
You barely miss the redback.
The redback is severely wounded.
You block the redback's attack.
You closely miss the redback.
The redback is severely wounded.
You hit the redback but do no damage. You drain the redback.
The redback is almost dead.
You hit the wolf spider but do no damage.
The wolf spider is moderately wounded.
You hit the wolf spider.
The wolf spider is heavily wounded.
You hit the wolf spider but do no damage.
You drain the wolf spider.
The wolf spider is heavily wounded.
The wolf spider completely misses you. x2
You hit the wolf spider but do no damage.
The wolf spider is heavily wounded.
Your shadow completely misses the wolf spider.
You hit the wolf spider.
The wolf spider is heavily wounded.
You block the wolf spider's attack. x2
You thump the wolf spider!
The wolf spider is severely wounded.
The wolf spider hits you but does no damage.
The wolf spider bites you!
* * * LOW HITPOINT WARNING * * *
You are too berserk!
You barely miss the wolf spider.
The wolf spider is severely wounded.
You sock the wolf spider!
The wolf spider is severely wounded.
You block the wolf spider's attack. x2
You hit the wolf spider but do no damage.
You drain the wolf spider.
The wolf spider is severely wounded.
The wolf spider hits you!
You die...

.......#...#........# ,
*,..8....#.©.#....8...# ,
....###########.....# ,,
* #...#...?©$...#...###**
* , ,
,#...#.###...#.#...##. ©
#...# #...###.#...#s# * ,
#...#...###..s#...##.
*Y#.8.#.#.#©B.#s#.8.#s# *
, .#...#.#...###@#...##.
,* ,,
Y#...#...###...#...#B#
.#...#.###...#.#...##.*,*
##...#.........#...### *
.....###########......, ,
, ...8......©......8....
, ,.......∩..8..∩........
,
~*≈#≈#.............#≈#≈#
* * * *
*##≈#≈#≈#≈#≈#≈###### *


You could see an entropy weaver, 2 wolf spiders and 2 redbacks.

Vanquished Creatures
  Josephine (Lair:3)
  An entropy weaver (Gauntlet)
  A hydra (Lair:3)
  Harold (D:11)
  2 two-headed ogres
  2 death yaks (Lair:3)
  A skyshark (Lair:2)
  Pikel (D:4)
  A torpor snail (Lair:3)
  4 black mambas (Lair:3)
  7 cane toads
  An unseen horror (D:9)
  4 komodo dragons
  A troll (D:9)
  14 blink frogs
  Sigmund (D:3)
  4 wraiths (Lair:3)
  A wyvern (D:7)
  10 yaks
  2 basilisks
  A steam dragon (D:8)
  Eustachio (D:5)
  An acid dragon (D:10)
  14 water moccasins
  2 orc warriors (D:9)
  A sky beast (D:6)
  3 black bears (D:9)
  3 ice beasts
  3 centaurs
  3 lemures (D:4)
  A phantom (D:4)
  2 kobold brigands (D:9)
  11 bullfrogs
  A gnoll sergeant (D:3)
  2 scorpions
  8 wights
  8 killer bees
  4 howler monkeys
  3 hounds
  A jelly (D:5)
  8 orc priests
  An iguana (D:6)
  4 sleepcaps
  Jessica (D:3)
  A gnoll bouda (D:9)
  Ijyb (D:3)
  7 orc wizards
  5 hell rats (Lair:1)
  Robin (D:2)
  13 gnolls
  6 adders
  A shadow imp (D:7)
  2 white imps
  4 worms
  2 dart slugs
  47 orcs
  6 ball pythons
  2 bats
  4 endoplasms
  7 giant cockroaches
  13 goblins
  7 hobgoblins
  3 quokkas
  3 frilled lizards
  14 kobolds
  7 rats
303 creatures vanquished.

Vanquished Creatures (others)
  An orc wizard (D:4)
1 creature vanquished.

Grand Total: 304 creatures vanquished

Notes
Turn   | Place    | Note
-------+----------+-------------------------------------------
     0 | D:1      | bobarctor the Meteoran Fighter began the quest for the Orb.
     0 | D:1      | Reached XP level 1. HP: 19/19 MP: 2/2
   131 | D:1      | Reached XP level 2. HP: 26/26 MP: 3/3
   220 | D:1      | Reached skill level 3 in Maces & Flails
   324 | D:1      | Reached XP level 3. HP: 30/31 MP: 4/4
   483 | D:1      | Glimpsed the power of Zot.
   571 | D:2      | HP: 1/31 [worm (7)]
   638 | D:2      | Found a shadowy altar of Dithmenos.
   648 | D:2      | Became a worshipper of Dithmenos the Shadowed
   738 | D:2      | Noticed Robin
   761 | D:2      | HP: 1/31 [goblin/+0 club[Robin] (5)]
   771 | D:2      | Reached XP level 4. HP: 31/38 MP: 5/5
   784 | D:2      | Killed Robin
   785 | D:2      | Reached skill level 4 in Maces & Flails
   785 | D:2      | Reached skill level 1 in Invocations
   811 | D:2      | Found a faded altar of an unknown god.
  1061 | D:2      | Glimpsed the power of Zot.
  1111 | D:2      | Glimpsed the power of Zot.
  1158 | D:3      | Identified the +6 scale mail of Compression {rElec rC+ MP+9
                  | Dex+4}
  1206 | D:3      | Noticed a gnoll sergeant
  1216 | D:3      | Reached XP level 5. HP: 42/45 MP: 7/7
  1234 | D:3      | Reached * piety under Dithmenos
  1250 | D:4      | Found Jeozaat's Book Emporium.
  1274 | D:3      | Killed a gnoll sergeant
  1275 | D:3      | Reached skill level 5 in Maces & Flails
  1275 | D:3      | Reached XP level 6. HP: 13/51 MP: 8/8
  1355 | D:3      | Found a glowing golden altar of the Shining One.
  1381 | D:3      | Noticed Sigmund
  1392 | D:3      | Killed Sigmund
  1393 | D:3      | Reached skill level 6 in Maces & Flails
  1393 | D:3      | Reached skill level 5 in Armour
  1393 | D:3      | Reached skill level 1 in Dodging
  1393 | D:3      | Reached XP level 7. HP: 49/58 MP: 9/9
  1415 | D:3      | Noticed Ijyb
  1439 | D:3      | Killed Ijyb
  1476 | D:3      | Found a sparkling altar of Nemelex Xobeh.
  1788 | D:3      | Noticed Jessica
  1799 | D:3      | Killed Jessica
  2020 | D:4      | Reached ** piety under Dithmenos
  2050 | D:4      | Reached XP level 8. HP: 44/66 MP: 11/11
  2115 | D:4      | Reached skill level 7 in Maces & Flails
  2184 | D:4      | Noticed Pikel
  2210 | D:4      | Killed Pikel
  2211 | D:4      | Reached skill level 8 in Maces & Flails
  2252 | D:4      | Glimpsed the power of Zot.
  2302 | D:4      | Glimpsed the power of Zot.
  2337 | D:5      | Entered Level 5 of the Dungeon
  2479 | D:4      | Gained mutation: You passively map the area around you.
                  | [Meteoran growth]
  2479 | D:4      | Reached XP level 9. HP: 64/72 MP: 13/13
  2595 | D:5      | Reached skill level 9 in Maces & Flails
  2642 | D:5      | Reached skill level 5 in Shields
  2673 | D:5      | Reached skill level 10 in Maces & Flails
  2715 | D:5      | Noticed Eustachio
  2730 | D:5      | Killed Eustachio
  2731 | D:5      | Reached skill level 5 in Invocations
  2860 | D:5      | Glimpsed the power of Zot.
  2911 | D:5      | Glimpsed the power of Zot.
  2951 | D:5      | Glimpsed the power of Zot.
  2994 | D:6      | Found a staircase to the Ecumenical Temple.
  3009 | Temple   | Entered the Ecumenical Temple
  3045 | D:6      | Reached skill level 5 in Fighting
  3052 | D:6      | Found a runed translucent gate.
  3052 | D:6      | Found a runed translucent gate.
  3052 | D:6      | Found a runed translucent gate.
  3105 | D:6      | Reached XP level 10. HP: 81/81 MP: 14/14
  3126 | D:6      | Got the Essays on Wildfire and the Coward
  3174 | D:6      | Noticed bahustanut's ghost (novice OgFi)
  3207 | D:6      | Reached *** piety under Dithmenos
  3254 | D:6      | Found an ornate altar of the Wu Jian Council.
  3485 | D:5      | Glimpsed the power of Zot.
  3490 | D:5      | Found a stormy altar of Qazlal.
  3490 | D:5      | Found a sacrificial altar of Ru.
  3535 | D:5      | Glimpsed the power of Zot.
  3604 | D:7      | Reached skill level 11 in Maces & Flails
  3895 | D:7      | Reached skill level 12 in Maces & Flails
  4115 | D:7      | Glimpsed the power of Zot.
  4412 | D:8      | Reached **** piety under Dithmenos
  4421 | D:8      | Reached skill level 13 in Maces & Flails
  4467 | D:8      | Noticed a two-headed ogre
  4477 | D:8      | Killed a two-headed ogre
  4478 | D:8      | Reached XP level 11. HP: 65/89 MP: 16/16
  4660 | D:8      | Found an iron altar of Okawaru.
  4736 | D:8      | Glimpsed the power of Zot.
  4786 | D:8      | Glimpsed the power of Zot.
  4814 | D:9      | Found a staircase to the Lair.
  5018 | D:9      | Noticed an obsidian statue
  5069 | D:9      | Gained mutation: You sometimes lose your temper in combat.
                  | [potion of mutation]
  5069 | D:9      | Gained mutation: You are agile. (Dex +4, Str/Int -1)
                  | [potion of mutation]
  5087 | D:9      | You fall into a shaft and drop 2 floors!
  5115 | D:11     | Noticed Harold
  5134 | D:11     | Killed Harold
  5135 | D:11     | Reached skill level 14 in Maces & Flails
  5147 | D:10     | Entered Level 10 of the Dungeon
  5230 | D:10     | Identified the +1 robe "Buz Jutz" {rF+}
  5382 | D:9      | Found a staircase to the Orcish Mines.
  5536 | D:9      | Noticed a two-headed ogre
  5545 | D:9      | Killed a two-headed ogre
  5825 | Lair:1   | Entered Level 1 of the Lair of Beasts
  5942 | Lair:1   | Reached XP level 12. HP: 78/100 MP: 19/19
  6020 | Lair:1   | Reached ***** piety under Dithmenos
  6021 | Lair:1   | Reached skill level 5 in Dodging
  6155 | Lair:1   | Reached skill level 15 in Maces & Flails
  6335 | Lair:1   | Glimpsed the power of Zot.
  6365 | Lair:2   | You fall into a shaft and drop 1 floor!
  6419 | Lair:3   | Reached skill level 10 in Armour
  6655 | Lair:3   | Noticed a six-headed hydra
  6672 | Lair:3   | Killed a six-headed hydra
  6722 | Lair:3   | Noticed Josephine
  6778 | Lair:3   | Killed Josephine
  6848 | Lair:3   | Noticed a death yak
  6849 | Lair:3   | Noticed an eight-headed hydra
  6849 | Lair:3   | Noticed a death yak
  6891 | Lair:2   | Reached XP level 13. HP: 107/107 MP: 21/21
  7044 | Lair:2   | Reached skill level 16 in Maces & Flails
  7055 | Lair:2   | Reached skill level 10 in Shields
  7173 | Lair:2   | Identified the +5 trident "Oshaikk" {heavy, Dex+3}
  7189 | Lair:3   | Reached skill level 10 in Invocations
  7365 | Lair:3   | Killed a death yak
  7372 | Lair:3   | Killed a death yak
  7501 | Lair:3   | Found a staircase to the Shoals.
  7555 | Lair:3   | Glimpsed the power of Zot.
  7643 | Lair:4   | Found a large runed translucent door.
  7645 | Lair:4   | Found a large runed translucent door.
  7648 | Lair:4   | Found a gate leading to a gauntlet.
  7658 | Gauntlet | Entered a Gauntlet
  7658 | Gauntlet | Noticed a death yak
  7658 | Gauntlet | Noticed a death yak
  7658 | Gauntlet | Found a transporter.
  7660 | Gauntlet | Noticed an entropy weaver
  7662 | Gauntlet | Found a transporter.
  7664 | Gauntlet | Found a transporter.
  7680 | Gauntlet | Noticed an entropy weaver
  7706 | Gauntlet | HP: 7/162 [entropy weaver (6)]
  7707 | Gauntlet | Killed an entropy weaver
  7722 | Gauntlet | HP: 1/162 [wolf spider (9)]
  7725 | Gauntlet | Slain by a wolf spider

Illustrated notes

Levels and vault maps discovered:
D:1:      spicycebolla_arrival_transporter_tutorial, layout_rooms
D:2:      layout_basic, basic_altar,
          dreamdust_ecumenical_altar_angels_and_demons, uniq_robin
D:3:      layout_loops_cross, mainiacjoe_overflow_small_starburst,
          marbit_many_paths, minmay_distorted, uniq_jessica, uniq_ijyb,
          uniq_sigmund
D:4:      layout_cave_pools, minivault_5, hangedman_decor_riveting,
          minmay_shop_grid_forest, chequers_serial_rivers_micro_d, uniq_pikel
D:5:      layout_basic, gammafunk_temple_overflow_elements, uniq_eustachio
D:6:      layout_rooms, mainiacjoe_overflow_brackets,
          minmay_temple_entry_drinking_statues, gammafunk_ghost_icy
D:7:      layout_basic, centaur_isle
D:8:      layout_loops_ring, lightli_temple_of_fire, kennysheep_okawaru_gauntlet
D:9:      layout_gridville, due_lair_maze_entry_diamond, erik_orc_3,
          minivault_15, kennysheep_opposing_triangles
D:10:     minmay_ornate_pinched, layout_gridville, dk_vineyard_3
D:11:     layout_gridville, nicolae_eternal_life, uniq_harold, uniq_erica
Temple:   regret_index_temple_generic_petals
Lair:1:   layout_roguey
Lair:2:   layout_small_grid, nicolae_spider_entry_non_spiders,
          serial_bayou_pond_a, fungi_pond_lemuel, st_stairs_3,
          infiniplex_staircase_pool_2
Lair:3:   layout_roguey, elwin_shoals_entry_rocks, uniq_josephine
Lair:4:   layout_regular_city, dpeg_slime_entry_enclosed,
          ebering_ghost_disaster_area, gauntlet_entry_generic
Gauntlet: minmay_gauntlet_mixed_oops_all_seconds
          [minmay_gauntlet_arena_77_shame_cube, nicolae_gauntlet_arena_grate_2,
          minmay_gauntlet_arena_77_checkered, nicolae_gauntlet_arena_t_cross,
          minmay_gauntlet_arena_77_p_blocks, gammafunk_gauntlet_arena_mazey,
          dreamdust_gauntlet_exit_labyrinth]

Skill      XL: |  1  2  3  4  5  6  7  8  9 10 11 12 13 |
---------------+----------------------------------------+-----
Armour         | 4 5 6 7 8 9 10 11 | 11.1
Maces & Flails | 3 4 5 6 8 10 13 14 15 16 | 16.3
Invocations    | 1 2 3 4 5 6 8 9 10 | 10.3
Shields        | 4 5 6 7 9 10 | 10.7
Dodging        | 1 2 3 4 5 6 |  6.7
Fighting       | 4 5 7 8 |  8.6
Stealth        | |  0.9

Action                     |  1- 3 |  4- 6 |  7- 9 | 10-12 | 13-15 || total
---------------------------+-------+-------+-------+-------+-------++-------
  Melee: Flail             |   107 |    14 |   134 |       |       ||   255
         Club              |       |    90 |   235 |   738 |   216 ||  1279
  Throw: Stone             |    11 |    11 |     3 |     1 |       ||    26
         Javelin           |       |       |       |     5 |       ||     5
         Dart              |       |       |       |     2 |       ||     2
    Use: Potion            |     1 |       |     1 |     2 |     5 ||     9
         Scroll            |       |       |     7 |     9 |     2 ||    18
 Armour: Scale mail        |    65 |    30 |   221 |   205 |    65 ||   586
  Dodge: Dodged            |    35 |    26 |   116 |   142 |    61 ||   380
  Block: Buckler           |    40 |    21 |    99 |   337 |   121 ||   618
         Reflection        |       |       |       |    10 |       ||    10

Table legend: (Time is in decaauts)
 A = Elapsed time spent in this place.
 B = Non-inter-level travel time spent in this place.
 C = Inter-level travel time spent in this place.
 D = Time resting spent in this place.
 E = Time spent auto-exploring this place.
 F = Levels seen in this place.
 G = Mean time per level.
                   A        B        C        D        E       F      G
               +--------+--------+--------+--------+--------+-----+--------+
         Total |   7573 |   7309 |    264 |      7 |   3932 |  17 |  445.5 |
       Dungeon |   5712 |   5529 |    183 |      7 |   3058 |  11 |  519.3 |
        Temple |     16 |     16 |      0 |      0 |      0 |   1 |   16.0 |
          Lair |   1800 |   1719 |     81 |      0 |    873 |   4 |  450.0 |
      Gauntlet |     45 |     45 |      0 |      0 |      0 |   1 |   45.0 |
               +--------+--------+--------+--------+--------+-----+--------+

Top non-repeatable levels by time:
  Lair:3: 883 daAuts
     D:3: 822 daAuts
     D:9: 793 daAuts
     D:2: 656 daAuts
     D:8: 651 daAuts
     D:5: 581 daAuts
     D:7: 541 daAuts
     D:4: 533 daAuts
  Lair:1: 529 daAuts
     D:1: 526 daAuts
     D:6: 450 daAuts
  Lair:2: 332 daAuts
    D:10: 100 daAuts
    D:11: 55 daAuts
  Lair:4: 54 daAuts
